[Event "ARM National Team Qual 2021"]
[Site "Yerevan"]
[Date "2021.03.24"]
[Round "3.1"]
[White "Petrosyan, Manuel"]
[Black "Martirosyan, Haik M."]
[Result "*"]
[ECO "E32"]
[WhiteElo "2628"]
[BlackElo "2622"]
[Annotator "RC"]
[PlyCount "120"]
[EventDate "2021.03.21"]
[EventType "tourn"]
[EventCountry "ARM"]
[SourceTitle "playchess.com"]
[Source "ChessBase"]
[SourceQuality "1"]
[TimeControl "40/5400+30:1800+30"]

1. d4 Nf6 2. c4 e6 3. Nc3 Bb4 4. Qc2 O-O 5. e4 c5 6. e5 cxd4 7. a3 Bxc3+ 8. bxc3 Ne8 9. cxd4 b5 10. Bd3 f5 11. cxb5 a6 12. b6 Qxb6 13. Rb1 Qc6 14. Ne2 a5 15. d5 Qxc2 16. Bxc2 exd5 17. Nd4 Nc6 18. Nxf5 Ba6 19. f4 Nc7 20. g3 Ne6 21. Bb2 d4 22. Nd6 Rab8 23. Be4 Rb3 24. Bc1 Rc3 25. Bd2 Rxa3 26. Nb5 Ra4 27. Bc2 Rc4 28. Bd3 Rc5 29. Ke2 g5 30. Rhg1 Kh8 31. Rgf1 gxf4 32. gxf4 Nb4 33. Bxb4 axb4 34. Rxb4 Rxf4 35. Kd2 Rxe5 36. Nd6 Bxd3 37. Rxf4 Re2+ 38. Kxd3 Nxf4+ 39. Kxd4 Rxh2 40. Nf5 Kg8 41. Rb7 Ng6 42. Ke3 Kf7 43. Nd4 Rh3+ 44. Ke4 Rh4+ 45. Ke3 Ne5 46. Ne2 Rg4 47. Nf4 Kf6 48. Rb8 Ng6 49. Nd5+ Ke6 50. Nc3 h5 51. Ne4 d5 52. Nc5+ Kd6 53. Nd3 Re4+ 54. Kd2 Nf4 55. Nxf4 Rxf4 56. Rh8 h4 57. Ke3 Re4+ 58. Kd3 Ra4 59. Ke3 h3 60. Rxh3 d4+ *

[Event "ARM National Team Qual 2021"]
[Site "Yerevan"]
[Date "2021.03.27"]
[Round "6.1"]
[White "Martirosyan, Haik M."]
[Black "Petrosyan, Manuel"]
[Result "1/2-1/2"]
[ECO "D39"]
[WhiteElo "2622"]
[BlackElo "2628"]
[Annotator "ChessBase"]
[PlyCount "72"]
[EventDate "2021.03.21"]
[EventType "tourn"]
[EventCountry "ARM"]
[SourceTitle "playchess.com"]
[Source "ChessBase"]
[SourceQuality "1"]
[TimeControl "40/5400+30:1800+30"]

1. d4 Nf6 2. Nf3 d5 3. c4 e6 4. Nc3 Bb4 5. Bg5 dxc4 6. e4 c5 7. Bxc4 cxd4 8. Nxd4 Qa5 9. Bd2 Qc5 10. Bb5+ Bd7 11. Nb3 Qc7 12. O-O O-O 13. Bd3 Nc6 14. f4 e5 15. Nd5 Nxd5 16. exd5 Bxd2 17. Qxd2 Qb6+ 18. Rf2 Nb4 19. fxe5 Nxd5 20. Bxh7+ Kxh7 21. Qxd5 Be6 22. Qe4+ Kg8 23. Nd4 Rad8 24. Nf3 f6 25. exf6 Rxf6 26. Qe2 Bd5 27. Kh1 Re6 28. Qf1 Rde8 29. b3 Qa5 30. Qd3 Re3 31. Qd2 Qxd2 32. Rxd2 Bxf3 33. gxf3 Rxf3 34. Rc1 Re7 35. Kg2 Rf6 36. Rc3 Kf7 1/2-1/2